 Dungeon Crawl Stone Soup version 0.30-a0-802-gb92711bcdf (webtiles) character file.

Game seed: 1142161489246605853

9146 hikkokomori the Fighter (level 11, -8/102 HPs)
             Began as a Minotaur Fighter on Feb 24, 2023.
             Was an Elder of Okawaru.
             Mangled by an enormous slime creature (42 damage)
             ... on level 11 of the Dungeon.
             The game lasted 00:20:35 (10121 turns).

hikkokomori the Fighter (Minotaur Fighter)         Turns: 10121, Time: 00:20:35

Health: -8/102     AC: 19    Str: 23    XL:     11   Next: 19%
Magic:  11/13      EV: 13    Int:  5    God:    Okawaru [****..]
Gold:   363        SH:  6    Dex: 12    Spells: 10/10 levels left

rFire   . . .      SeeInvis .    B - +3 war axe of Wyrd {drain, rElec rPois Will+}
rCold   + . .      Faith    .    c - +0 buckler
rNeg    . . .      Spirit   .    o - +7 scale mail "Yzeseub" {Fly}
rPois   +          Reflect  .    (helmet restricted)
rElec   +          Harm     .    l - +0 cloak
rCorr   .          Rampage  .    (no gloves)
Will    +....                    j - +0 pair of boots
Stlth   +++                      (no amulet)
HPRegen 0.37/turn                z - ring of protection from cold
MPRegen 0.13/turn                (no ring)

@: heroic, flying, studying Maces & Flails
A: horns 2, retaliatory headbutt
a: Renounce Religion, Heroism, Finesse


You were on level 11 of the Dungeon.
You worshipped Okawaru.
Okawaru was greatly pleased with you.
You visited 2 branches of the dungeon, and saw 12 of its levels.
You also visited: Sewer and Ossuary.

You collected 637 gold pieces.
You spent 274 gold pieces at shops.

Inventory:

Hand Weapons
 a - a +1 war axe of chaos
 B - the +3 war axe of Wyrd (weapon) {drain, rElec rPois Will+}
   (You bought it in a shop on level 2 of the Dungeon)

   rElec:     It insulates you from electricity.
   rPois:     It protects you from poison.
   Will:      It increases your willpower.
Missiles
 U - 5 silver javelins (quivered)
Armour
 c - a +0 buckler (worn)
 j - a +0 pair of boots (worn)
 l - a +0 cloak (worn)
 o - the +7 scale mail "Yzeseub" (worn) {Fly}
   (You found it on level 2 of the Dungeon)

   Fly:       It grants you flight.
Jewellery
 z - a ring of protection from cold (left hand)
 M - a +6 ring of strength
 N - a ring of fire
Wands
 i - a wand of roots (8)
 A - a wand of polymorph (8)
 G - a wand of flame (19)
 J - a wand of mindburst (10)
 K - a wand of digging (5)
Scrolls
 f - 5 scrolls of fear
 q - 2 scrolls of noise
 r - 2 scrolls of poison
 s - 5 scrolls of teleportation
 t - a scroll of amnesia
 u - 2 scrolls of fog
 v - a scroll of brand weapon
 w - 2 scrolls of torment {unknown}
 x - a scroll of vulnerability {unknown}
 y - 3 scrolls of enchant armour
 C - 8 scrolls of enchant weapon
 F - 2 scrolls of magic mapping
 O - a scroll of silence {unknown}
 P - a scroll of blinking {unknown}
 S - 3 scrolls of identify
 T - a scroll of butterflies {unknown}
Potions
 b - 3 potions of degeneration {unknown}
 d - 2 potions of might
 e - a potion of ambrosia
 g - 3 potions of brilliance
 h - a potion of haste {unknown}
 k - 3 potions of berserk rage
 m - 4 potions of heal wounds
 n - 10 potions of curing
 p - 2 potions of attraction
 D - 4 potions of flight
 E - 2 potions of invisibility
 H - 2 potions of resistance
 I - a potion of cancellation
 L - a potion of mutation
 Q - a potion of lignification {unknown}
 R - a potion of magic {unknown}


   Skills:
 + Level 11.2(16.2) Fighting
 + Level 10.8(15.8) Axes
 - Level 7.0(12.0) Armour
 + Level 4.0(9.0) Dodging
 - Level 6.2(11.2) Stealth
 - Level 5.6(10.6) Shields
 - Level 4.0 Invocations
 + Level 5.1 Evocations


You had 10 spell levels left.
You didn't know any spells.
Your spell library contained the following spells:

 Spells                   Type           Power      Damage    Failure   Level
 Blink                    Tloc           0%         N/A       89%         2
 Ensorcelled Hibernation  Hex/Ice        0%         N/A       89%         2
 Lesser Beckoning         Tloc           0%         N/A       89%         2
 Momentum Strike          Conj/Tloc      0%         3d8       89%         2
 Passwall                 Tmut/Erth      0%         N/A       89%         2
 Gell's Gravitas          Tloc           0%         N/A       98%         3
 Portal Projectile        Hex/Tloc       0%         N/A       98%         3
 Swiftness                Air            0%         N/A       98%         3
 Teleport Other           Tloc           0%         N/A       98%         3
 Blade Hands              Tmut           0%         N/A       100%        5
 Tukima's Dance           Hex            Unusable   N/A       N/A         3

Dungeon Overview and Level Annotations

Branches:
Dungeon (11/15)            Temple (1/1) D:5             Orc (0/2) D:9
  Sewer (visited)         Ossuary (visited)
   Lair: D:8-11

Altars:
Ashenzari
Cheibriados
Dithmenos
Elyvilon
Fedhas
Gozag
Hepliaklqana
Kikubaaqudgha
Makhleb
Nemelex Xobeh
Okawaru
Qazlal
Ru
Sif Muna
Trog
Uskayaw
Vehumet
Wu Jian
Xom
Yredelemnul
Zin
The Shining One

Shops:
D:1 *   D:2 (   D:4 *([   D:5 *   D:6 ?   D:7 [   D:10 [

Annotations:
D:8 exclusion: obsidian statue
D:10 2 transporters, cheesebisquit's ghost, journeyman HOFi


Innate Abilities, Weirdness & Mutations

You have a pair of horns on your head.
You reflexively headbutt those who attack you in melee.


Message History

There are monsters nearby!
The helpless slime creature fails to defend itself.
You hit the slime creature.
The slime creature is lightly wounded.
Two slime creatures merge to form a large slime creature.
You slash the large slime creature!
The large slime creature is lightly wounded.
You slice the large slime creature!! You headbutt the large slime creature!
The large slime creature is heavily wounded.
The large slime creature completely misses you.
You furiously retaliate!
You headbutt the large slime creature. You slash the large slime creature!
You drain the large slime creature.
The large slime creature is severely wounded.
You block the large slime creature's attack.
You hit the large slime creature but do no damage.
The large slime creature is severely wounded.
The large slime creature hits you!
Two slime creatures merge to form an enormous slime creature.
You slash the enormous slime creature!
You headbutt the enormous slime creature!
The enormous slime creature is heavily wounded.
You hit the enormous slime creature.
The enormous slime creature is heavily wounded.
You block the enormous slime creature's attack.
You hit the enormous slime creature.
You headbutt the enormous slime creature!
The enormous slime creature is heavily wounded.
The enormous slime creature hits you but does no damage.
You slice the enormous slime creature!! You drain the enormous slime creature!
You headbutt the enormous slime creature, but do no damage.
The enormous slime creature is severely wounded.
The enormous slime creature hits you!!!
Ouch! That really hurt!
You are too injured to fight recklessly!
You are too injured to fight recklessly!
You are too injured to fight recklessly!
You are too injured to fight recklessly!
You gain the combat prowess of a mighty hero.
The enormous slime creature hits you!!!
You die...

..# #.# #.# #.#
#.# #.# #J#
#.####@#######
#............#
....###.#####.#
## #.# #.# #.#
#.# ..# #.#
#######.# #
#....# #.
#.####


You could see an enormous slime creature (drained).

Vanquished Creatures
  A two-headed ogre (D:9)
  The ghost of cforsyth the Nimble, a novice KoGl of Dithmenos (D:6)
  An ice statue (D:8)
  A troll (D:10)
  Prince Ribbit (D:9)
  Grinder (D:6)
  2 wraiths
  2 wyverns
  8 yaks
  3 steam dragons
  Pargi (Sewer)
  3 orc warriors
  2 sky beasts (D:6)
  2 black bears
  An ogre (D:4)
  4 centaurs
  3 phantoms (D:5)
  An elf zombie (Ossuary)
  2 kobold brigands
  3 bullfrogs
  A scorpion (D:6)
  A gnoll sergeant (D:8)
  2 necrophages
  2 water moccasin zombies (D:5)
  9 wights
  2 water moccasin skeletons (D:5)
  11 killer bees
  3 electric eels
  4 howler monkeys
  2 bullfrog zombies (D:5)
  A centaur zombie (D:5)
  3 quasits (D:4)
  6 hounds
  2 human zombies (Ossuary)
  7 orc priests
  3 gnoll boudas
  A jelly (D:6)
  A scorpion zombie (D:5)
  10 orc wizards
  4 mummies (Ossuary)
  2 howler monkey zombies (D:5)
  16 gnolls
  2 howler monkey skeletons (D:5)
  12 adders
  3 river rats (D:6)
  2 shadow imps
  3 white imps
  8 ufetubi
  An adder zombie (Ossuary)
  13 dart slugs
  A worm (D:6)
  46 orcs
  8 ball pythons
  6 endoplasms
  3 giant cockroaches
  6 goblins
  6 hobgoblins
  10 jackals
  A quokka (D:4)
  8 bats
  11 frilled lizards
  A gnoll zombie (Ossuary)
  A goblin zombie (Ossuary)
  A hobgoblin zombie (Ossuary)
  A jackal zombie (Ossuary)
  16 kobolds
  A kobold zombie (Ossuary)
  2 orc zombies (Ossuary)
  A quokka zombie (D:6)
  11 rats
  2 rat zombies
323 creatures vanquished.

Vanquished Creatures (others)
  A human (D:8)
  An ufetubus (D:6)
  A dart slug (D:6)
  5 plants
8 creatures vanquished.

Grand Total: 331 creatures vanquished

Notes
Turn   | Place    | Note
-------+----------+-------------------------------------------
     0 | D:1      | hikkokomori the Minotaur Fighter began the quest for the
                  | Orb.
     0 | D:1      | Reached XP level 1. HP: 19/19 MP: 0/0
    56 | D:1      | Found Zeysm's Assorted Antiques.
   116 | D:1      | Reached XP level 2. HP: 27/27 MP: 1/1
   238 | D:1      | Found a faded altar of an unknown god.
   804 | D:2      | Reached skill level 4 in Fighting
   804 | D:2      | Reached XP level 3. HP: 28/33 MP: 2/2
   908 | D:2      | Found Esaha's Antique Weapon Shoppe.
   970 | D:2      | Identified the +7 scale mail "Yzeseub" {Fly}
  1260 | D:3      | Reached XP level 4. HP: 41/41 MP: 3/3
  1813 | D:3      | Reached XP level 5. HP: 47/47 MP: 4/4
  1867 | D:4      | Found Xarog Zoubb's Weapon Shop.
  2196 | D:4      | Reached skill level 5 in Fighting
  2201 | D:4      | Reached skill level 5 in Armour
  2225 | D:4      | Found Cesacvos's Assorted Antiques.
  2258 | D:4      | Reached skill level 5 in Shields
  2284 | D:4      | Reached XP level 6. HP: 56/56 MP: 5/5
  2418 | D:4      | Found Iked Ekk's Armour Emporium.
  2751 | D:4      | Found a shadowy altar of Dithmenos.
  2751 | D:4      | Noticed a shadow
  2755 | D:4      | Found a hazy altar of Hepliaklqana.
  2785 | D:4      | Reached skill level 5 in Axes
  2785 | D:4      | Reached XP level 7. HP: 62/62 MP: 6/6
  2896 | D:2      | Bought a crude war axe for 170 gold pieces
  2896 | D:2      | Identified the +3 war axe of Wyrd {drain, rElec rPois
                  | Will+} (You bought it in a shop on level 2 of the Dungeon)
  2984 | D:5      | Entered Level 5 of the Dungeon
  3037 | D:5      | Reached skill level 6 in Fighting
  3039 | D:5      | Reached skill level 1 in Stealth
  3094 | D:5      | Found Tizizur's Assorted Antiques.
  3208 | D:5      | Reached XP level 8. HP: 69/71 MP: 7/7
  3362 | D:5      | Reached skill level 7 in Fighting
  3499 | D:5      | Found a staircase to the Ecumenical Temple.
  3539 | Temple   | Entered the Ecumenical Temple
  3544 | Temple   | Became a worshipper of Warmaster Okawaru
  3721 | D:6      | Reached skill level 1 in Invocations
  3737 | D:6      | Found The Oracle's Delphic Readings.
  3793 | D:6      | Found a sand-covered staircase.
  3801 | Ossuary  | Entered an ossuary
  3987 | D:6      | Found a glowing drain.
  3993 | Sewer    | Entered a sewer
  4013 | Sewer    | Noticed Pargi
  4018 | Sewer    | Killed Pargi
  4018 | Sewer    | Reached * piety under Okawaru
  4269 | D:6      | Noticed Grinder
  4273 | D:6      | Reached XP level 9. HP: 79/81 MP: 9/9
  4277 | D:6      | Killed Grinder
  4278 | D:6      | Reached skill level 8 in Fighting
  4474 | D:6      | Found a sparkling altar of Nemelex Xobeh.
  4491 | D:6      | Found an opulent altar of Gozag.
  4652 | D:6      | Bought a scroll of identify for 20 gold pieces
  4803 | D:6      | Found a runed translucent door.
  4994 | D:6      | Noticed cforsyth's ghost (novice KoGl)
  5480 | D:6      | Found a glowing silver altar of Zin.
  5792 | D:6      | Killed cforsyth's ghost
  5840 | D:5      | Bought a potion of curing for 84 gold pieces
  5944 | D:7      | Reached ** piety under Okawaru
  6026 | D:7      | Found a glowing golden altar of the Shining One.
  6058 | D:7      | Reached skill level 5 in Stealth
  6060 | D:7      | Reached skill level 9 in Fighting
  6060 | D:7      | Reached skill level 1 in Evocations
  6117 | D:7      | Found a burning altar of Makhleb.
  6160 | D:7      | Found a snail-covered altar of Cheibriados.
  6176 | D:7      | Found Taugarghu's Armour Shoppe.
  6701 | D:8      | Reached XP level 10. HP: 84/90 MP: 9/12
  6717 | D:8      | Identified the +1 helmet of Beoseribb {Dex+3}
  6772 | D:8      | Noticed an obsidian statue
  6903 | D:8      | Noticed an ice statue
  6919 | D:8      | Killed an ice statue
  7080 | D:8      | Identified the +0 chain mail of the Shoals {Harm rF+ rN+
                  | Stlth-}
  7298 | D:8      | Reached *** piety under Okawaru
  7299 | D:8      | Reached skill level 10 in Fighting
  7376 | D:8      | Found an ancient bone altar of Kikubaaqudgha.
  7901 | D:8      | Noticed a rust devil
  7901 | D:8      | Noticed a sixfirhy
  8273 | D:9      | Reached skill level 1 in Dodging
  8438 | D:9      | Received a gift from Okawaru
  8439 | D:9      | Reached skill level 10 in Axes
  8490 | D:9      | Noticed a two-headed ogre
  8498 | D:9      | Killed a two-headed ogre
  8589 | D:9      | Found a staircase to the Orcish Mines.
  8697 | D:9      | Noticed Prince Ribbit
  8703 | D:9      | Killed Prince Ribbit
  8734 | D:9      | Reached XP level 11. HP: 75/101 MP: 13/13
  8866 | D:9      | Reached **** piety under Okawaru
  9138 | D:9      | Received a gift from Okawaru
  9139 | D:9      | Reached skill level 11 in Fighting
  9264 | D:10     | Entered Level 10 of the Dungeon
  9264 | D:10     | Found Gaovud's Armour Emporium.
  9302 | D:10     | Reached skill level 5 in Evocations
  9330 | D:10     | Found a sacrificial altar of Ru.
  9331 | D:10     | Identified the +1 quarterstaff "Stringbean" {speed, rF++
                  | MP+9}
  9486 | D:10     | Noticed cheesebisquit's ghost (journeyman HOFi)
  9488 | D:10     | Found a transporter.
  9492 | D:10     | Found a transporter.
  9587 | D:10     | Found a hide-covered altar of Uskayaw.
  9783 | D:10     | Found an ornate altar of the Wu Jian Council.
 10121 | D:11     | Mangled by an enormous slime creature

Illustrated notes

Levels and vault maps discovered:
D:1:      lightli_arrival_statue_moat, layout_loops_ring, serial_shops,
          nicolae_shop_overgrown_old_shop, basic_ecumenical_altar
D:2:      layout_rooms, serial_shops, nicolae_shop_behind_doors
D:3:      layout_basic
D:4:      layout_loops_ring, riverfiend_overflow_shadow_ancestor,
          serial_demonic, serial_demonic_a, serial_demonic_g, serial_demonic_d,
          serial_demonic_d, serial_shops, shop,
          nicolae_shop_bloodbath_and_beyond, nicolae_square_shop
D:5:      layout_cave_pools, minmay_temple_entry_enclosed_plants, serial_undead,
          serial_undead_e, serial_undead_d, serial_undead_e, serial_undead_b,
          serial_undead_f, serial_undead_c, serial_undead_b, serial_undead_d,
          serial_shops, nicolae_stop_n_shop_2, grunt_ministairs_10
D:6:      kennysheep_slugbush, layout_layer_cave,
          pdpol_temple_overflow_zin_treasury_gozag_greed,
          mainiacjoe_overflow_alcove_4, ebering_ghost_reflecting_pool,
          enter_ossuary_4, lightli_sewer_entry_pipes,
          nicolae_nh_oracle_at_delphi, uniq_grinder
D:7:      layout_basic, mainiacjoe_overflow_boulevard,
          mainiacjoe_overflow_catch_the_wave, serial_shops, shop
D:8:      minmay_separated_statues, layout_layer_cave, tgw_kikubaaqudgha,
          hellmonk_bongcloud_opening
D:9:      layout_loops_corners, orc_0_dummy, uniq_prince_ribbit1
D:10:     layout_loops_ring, mainiacjoe_overflow_cross_hatched,
          nzn_wu_jian_council_hall, mainiacjoe_overflow_brackets, serial_shops,
          nicolae_stop_n_shop_1, gammafunk_ghost_hive, serial_glass,
          glass_columns_c, glass_columns_b, moated_statue
D:11:     layout_loops_ring, david_lair_shrubbed, ebering_ghost_reflecting_pool
Temple:   hellmonk_temple_micro_hex

Skill      XL: |  1  2  3  4  5  6  7  8  9 10 11 |
---------------+----------------------------------+-----
Armour         | 4 5 6 7 |  7.0
Fighting       | 4 5 6 7 9 10 11 | 11.2
Axes           | 3 4 5 6 7 9 10 | 10.8
Shields        | 4 5 |  5.6
Stealth        | 2 3 5 6 |  6.2
Invocations    | 2 4 |  4.0
Evocations     | 2 4 5 |  5.1
Dodging        | 3 4 |  4.0

Action                     |  1- 3 |  4- 6 |  7- 9 | 10-12 || total
---------------------------+-------+-------+-------+-------++-------
  Melee: War axe           |    87 |   178 |   274 |   252 ||   791
         Headbutt          |     8 |    12 |    43 |    56 ||   119
 Invoke: Heroism           |       |       |     3 |     5 ||     8
    Use: Scroll            |       |       |    14 |     6 ||    20
         Potion            |       |       |     1 |       ||     1
   Stab: Sleeping          |       |       |       |     5 ||     5
 Armour: Scale mail        |    48 |   229 |   178 |   115 ||   570
  Dodge: Dodged            |    50 |   139 |   120 |   126 ||   435
  Block: Buckler           |    24 |    58 |    56 |    56 ||   194

Table legend: (Time is in decaauts)
 A = Elapsed time spent in this place.
 B = Non-inter-level travel time spent in this place.
 C = Inter-level travel time spent in this place.
 D = Time resting spent in this place.
 E = Time spent auto-exploring this place.
 F = Levels seen in this place.
 G = Mean time per level.
                   A        B        C        D        E       F      G
               +--------+--------+--------+--------+--------+-----+--------+
         Total |  10251 |   9615 |    636 |    411 |   7181 |  14 |  732.2 |
       Dungeon |   9812 |   9177 |    635 |    411 |   7023 |  11 |  892.0 |
        Temple |     12 |     12 |      0 |      0 |      0 |   1 |   12.0 |
         Sewer |    247 |    247 |      0 |      0 |    158 |   1 |  247.0 |
       Ossuary |    178 |    178 |      0 |      0 |      0 |   1 |  178.0 |
               +--------+--------+--------+--------+--------+-----+--------+

Top non-repeatable levels by time:
     D:6: 1794 daAuts
     D:8: 1416 daAuts
     D:9: 1150 daAuts
     D:4: 1056 daAuts
     D:7: 838 daAuts
     D:1: 743 daAuts
    D:10: 736 daAuts
     D:3: 682 daAuts
     D:5: 677 daAuts
     D:2: 595 daAuts
   Sewer: 247 daAuts
 Ossuary: 178 daAuts
    D:11: 119 daAuts
  Temple: 12 daAuts
